 Dungeon Crawl Stone Soup version 0.30.0-3-ga4e48a9924 (webtiles) character file.

Game seed: 214029254853713770

9688 Persephone the Marksminotaur (level 11, -1/105 HPs)
             Began as a Minotaur Hunter on May 7, 2023.
             Was a Believer of Okawaru.
             Shot with an arrow by a centaur warrior (18 damage)
             ... on level 9 of the Dungeon.
             The game lasted 00:21:06 (9731 turns).

Persephone the Marksminotaur (Minotaur Hunter)      Turns: 9731, Time: 00:21:07

Health: -1/105     AC: 14    Str: 17    XL:     11   Next: 26%
Magic:  10/10      EV: 12    Int:  6    God:    Okawaru [**....]
Gold:   531        SH:  5    Dex: 23    Spells: 10/10 levels left

rFire   . . .        c - +0 arbalest
rCold   . . .        (shield currently unavailable)
rNeg    . . .        g - +0 acid dragon scales
rPois   .            (helmet restricted)
rElec   .            (no cloak)
rCorr   +            C - +2 pair of gloves
SInv    .            k - +0 pair of boots
Will    .....        o - amulet of reflection
Stlth   ++           e - +4 ring of protection
HPRegen 0.37/turn    h - +6 ring of dexterity
MPRegen 0.12/turn

%: reflection
@: no status effects
A: horns 2, retaliatory headbutt
a: Renounce Religion, Heroism


You were on level 9 of the Dungeon.
You worshipped Okawaru.
Okawaru was pleased with you.
You visited 2 branches of the dungeon, and saw 10 of its levels.

You collected 531 gold pieces.

Inventory:

Hand Weapons
 a - a +1 shortbow of flaming
 c - a +0 arbalest (weapon)
 l - a +0 longbow
Armour
 g - +0 acid dragon scales (worn)
 k - a +0 pair of boots (worn)
 B - +1 steam dragon scales
 C - a +2 pair of gloves (worn)
Jewellery
 e - a +4 ring of protection (left hand)
 h - a +6 ring of dexterity (right hand)
 i - a ring of resist corrosion
 o - an amulet of reflection (around neck)
 r - an amulet of the acrobat
Wands
 y - a wand of roots (20)
 z - a wand of digging (4)
 A - a wand of flame (27)
Scrolls
 b - 2 scrolls of immolation
 f - 7 scrolls of identify
 m - 3 scrolls of teleportation
 t - 2 scrolls of amnesia
 v - 2 scrolls of fog
Potions
 d - a potion of attraction
 n - a potion of resistance
 p - 4 potions of lignification
 s - a potion of degeneration
 u - a potion of haste
 x - a potion of brilliance
 D - 2 potions of berserk rage


   Skills:
 + Level 12.4 Fighting
 * Level 16.1 Ranged Weapons
 - Level 2.1 Dodging
 - Level 0.7 Stealth


You had 10 spell levels left.
You didn't know any spells.
Your spell library contained the following spells:

 Spells                   Type           Power      Damage    Failure   Level
 Blink                    Tloc           0%         N/A       71%         2
 Lesser Beckoning         Tloc           0%         N/A       71%         2
 Momentum Strike          Conj/Tloc      0%         3d8       71%         2
 Gell's Gravitas          Tloc           0%         N/A       90%         3
 Teleport Other           Tloc           0%         N/A       90%         3
 Manifold Assault         Tloc           0%         N/A       100%        4
 Dispersal                Tloc           0%         N/A       100%        6
 Ozocubu's Refrigeration  Ice            0%         4d7       100%        7
 Disjunction              Tloc           0%         N/A       100%        8
 Polar Vortex             Ice            0%         N/A       100%        9
 Summon Small Mammal      Summ           Unusable   N/A       N/A         1
 Call Canine Familiar     Summ           Unusable   N/A       N/A         3
 Summon Guardian Golem    Hex/Summ       Unusable   N/A       N/A         3
 Simulacrum               Ice/Necr       Unusable   N/A       N/A         6

Dungeon Overview and Level Annotations

Branches:
Dungeon (9/15)             Temple (1/1) D:6
   Lair: D:8-11         Orc: D:9-12

Altars:
Ashenzari
Dithmenos
Elyvilon
Fedhas
Hepliaklqana
Kikubaaqudgha
Makhleb
Nemelex Xobeh
Okawaru
Qazlal
Trog
Wu Jian
Xom
Yredelemnul
Zin
The Shining One


Innate Abilities, Weirdness & Mutations

You have a pair of horns on your head.
You reflexively headbutt those who attack you in melee.


Message History

You shoot a bolt. The bolt barely misses the yak.
The yak barely misses you. You furiously retaliate!
You headbutt the yak! The yak gores you!
You shoot a bolt. The bolt hits the yak.
The yak is heavily wounded.
The yak completely misses you.
You shoot a bolt. The bolt closely misses the yak.
The centaur warrior wields a +0 longbow.
The centaur warrior shoots an arrow.
The arrow hits you! The yak gores you but does no damage.
You shoot a bolt. The bolt hits the yak!
The yak is heavily wounded.
The centaur warrior shoots an arrow.
The arrow hits you.
The centaur warrior shoots an arrow.
The arrow hits you!! The yak gores you but does no damage.
You are too injured to fight recklessly!
You are too injured to fight recklessly!
You are too injured to fight recklessly!
Fire: c) +0 arbalest
Press: ? - help, Shift-Dir - straight line, f/p - yak
Aim: a yak (heavily wounded, 80% to hit)
You shoot a bolt. The bolt hits the yak!!
You kill the yak!
Okawaru accepts your kill.
The centaur warrior shoots an arrow.
The arrow hits you!
The centaur warrior shoots an arrow.
The arrow hits you!!
Fire: c) +0 arbalest
Press: ? - help, Shift-Dir - straight line, f - centaur warrior
Aim: a centaur warrior, wielding a +0 longbow (77% to hit)
You shoot a bolt. The bolt hits the centaur warrior!!
The centaur warrior is moderately wounded.
The centaur warrior shoots an arrow.
The arrow barely misses you.
The centaur warrior shoots an arrow.
The arrow hits you!
* * * LOW HITPOINT WARNING * * *
Fire: c) +0 arbalest
Press: ? - help, Shift-Dir - straight line, f/p - centaur warrior
Aim: a centaur warrior, wielding a +0 longbow (moderately wounded, 77% to hit)
You shoot a bolt. The bolt hits the centaur warrior.
The centaur warrior is moderately wounded.
The centaur warrior shoots an arrow.
The arrow hits you!!
You die...

..# #.# ####...####.#.# #..# #.
..# #.## ..#####...##.# #..# #.
..###..# ..........#..###..#####.
.......# #.....#..#.............
.......## .#####..##.............
####....# #..#.........##### #
#....# #..#.........# # #....#
#..#.........# # #...##
#@.##........# ####...#
#....†#..#........##### .......#
..........#............. ......##
..##### c.##............ ####..#
####...####:#.......####.
#..###.........###.....<.# #.
#........................# #.
####........................####.
.................................


You could see a centaur warrior.

Vanquished Creatures
  A centaur warrior (D:9)
  A two-headed ogre (D:9)
  A steelbarb worm (shapeshifter) (D:9)
  Pikel (D:7)
  A cyclops (D:9)
  A gargoyle (D:8)
  Psyche (D:8)
  A meliai (D:9)
  Sigmund (D:2)
  2 shadows (D:9)
  3 wyverns
  10 yaks
  Eustachio (D:5)
  3 steam dragons
  An acid dragon (D:9)
  2 water moccasins (D:7)
  4 orc warriors
  2 sky beasts
  3 ogres
  5 phantoms
  5 centaurs
  A kobold brigand (D:9)
  A bullfrog (D:6)
  4 scorpions
  9 wights
  4 hounds
  5 orc priests
  2 gnoll boudas
  A jelly (D:4)
  4 orc wizards
  5 iguanas
  Robin (D:3)
  10 gnolls
  10 adders
  2 white imps
  3 worms (D:2)
  A dart slug (D:4)
  16 orcs
  9 bats
  6 endoplasms
  2 giant cockroaches
  11 goblins
  3 hobgoblins
  7 jackals (D:1)
  A quokka (D:2)
  5 ball pythons
  3 frilled lizards
  13 kobolds
  5 rats
194 creatures vanquished.

Vanquished Creatures (others)
  A plant (D:1)
1 creature vanquished.

Grand Total: 195 creatures vanquished

Notes
Turn   | Place    | Note
-------+----------+-------------------------------------------
     0 | D:1      | Persephone the Minotaur Hunter began the quest for the Orb.
     0 | D:1      | Reached XP level 1. HP: 18/18 MP: 0/0
    62 | D:1      | Reached XP level 2. HP: 25/25 MP: 1/1
   177 | D:1      | Reached skill level 5 in Ranged Weapons
   438 | D:1      | Reached XP level 3. HP: 31/31 MP: 2/2
   883 | D:2      | Reached XP level 4. HP: 29/38 MP: 3/3
  1077 | D:2      | Noticed Sigmund
  1091 | D:2      | Killed Sigmund
  1092 | D:2      | Reached skill level 6 in Ranged Weapons
  1092 | D:2      | Reached XP level 5. HP: 43/47 MP: 4/4
  1268 | D:2      | Found a faded altar of an unknown god.
  1467 | D:3      | Reached skill level 7 in Ranged Weapons
  1469 | D:3      | Reached XP level 6. HP: 50/53 MP: 5/5
  1593 | D:3      | Noticed Robin
  1606 | D:3      | Killed Robin
  1864 | D:3      | Found a glowing silver altar of Zin.
  1867 | D:3      | Noticed an angel
  1871 | D:3      | Found a shimmering altar of Xom.
  2487 | D:3      | Reached skill level 5 in Fighting
  2764 | D:4      | Found a stormy altar of Qazlal.
  3004 | D:4      | Reached skill level 8 in Ranged Weapons
  3026 | D:4      | Reached XP level 7. HP: 61/61 MP: 6/6
  3263 | D:5      | Entered Level 5 of the Dungeon
  3273 | D:5      | Noticed Eustachio
  3309 | D:5      | Killed Eustachio
  3310 | D:5      | Reached skill level 9 in Ranged Weapons
  3471 | D:5      | Reached XP level 8. HP: 71/71 MP: 7/7
  3624 | D:5      | Reached skill level 10 in Ranged Weapons
  3941 | D:6      | HP: 3/71 [wight/+0 halberd (2)]
  4149 | D:6      | Reached skill level 11 in Ranged Weapons
  4350 | D:6      | Reached XP level 9. HP: 45/82 MP: 8/8
  4481 | D:6      | Found an ornate altar of the Wu Jian Council.
  4780 | D:6      | Found a staircase to the Ecumenical Temple.
  4853 | Temple   | Entered the Ecumenical Temple
  5294 | D:7      | Reached skill level 12 in Ranged Weapons
  5592 | D:7      | Noticed Pikel
  5608 | D:7      | Killed Pikel
  5659 | D:7      | Identified the +8 war axe "Seomivon" {flame, rPois}
  6679 | D:8      | Reached skill level 13 in Ranged Weapons
  6792 | D:8      | Reached skill level 10 in Fighting
  7241 | D:8      | Noticed a gargoyle
  7250 | D:8      | Killed a gargoyle
  7251 | D:8      | Reached XP level 10. HP: 78/93 MP: 9/9
  7443 | D:8      | Noticed Psyche
  7452 | D:8      | Killed Psyche
  8250 | D:9      | Reached skill level 14 in Ranged Weapons
  8271 | D:9      | Noticed a two-headed ogre
  8276 | D:9      | Noticed a centaur warrior
  8424 | D:9      | Found an iron altar of Okawaru.
  8424 | D:9      | Found a bloodstained altar of Trog.
  8444 | D:9      | Became a worshipper of Warmaster Okawaru
  8506 | D:9      | Killed a centaur warrior
  8506 | D:9      | Reached * piety under Okawaru
  8560 | D:9      | Killed a two-headed ogre
  8561 | D:9      | Reached skill level 15 in Ranged Weapons
  8725 | D:9      | Noticed a cyclops
  8738 | D:9      | Killed a cyclops
  8738 | D:9      | Reached ** piety under Okawaru
  8777 | D:9      | Noticed a steelbarb worm
  8786 | D:9      | Killed a steelbarb worm
  8787 | D:9      | Reached XP level 11. HP: 53/104 MP: 10/10
  9467 | D:9      | Found a broken altar of Ashenzari.
  9582 | D:9      | Reached skill level 16 in Ranged Weapons
  9615 | D:9      | Found a shadowy altar of Dithmenos.
  9616 | D:9      | Found a hazy altar of Hepliaklqana.
  9721 | D:9      | Noticed a centaur warrior
  9731 | D:9      | Shot with an arrow by a centaur warrior

Illustrated notes

Levels and vault maps discovered:
D:1:      tarquinn_simple_flora_water_d, layout_basic,
          minmay_misc_feat_secret_circle, st_stairs_5
D:2:      layout_basic, serial_forest, infiniplex_forest_lined_3,
          infiniplex_forest_end_2, infiniplex_forest_straight_2,
          infiniplex_forest_end_1, infiniplex_forest_clump_tiny,
          infiniplex_forest_clump_small, shapermc_ecumenical_altar_ellora,
          uniq_sigmund
D:3:      layout_basic, grunt_temple_overflow_order_and_chaos_1, uniq_robin
D:4:      cheibrodos_barr_body, layout_basic, lemuel_doored_altar
D:5:      layout_cave_pools, uniq_eustachio
D:6:      layout_basic, mainiacjoe_overflow_small_starburst,
          minmay_temple_entry_nine_rooms
D:7:      layout_layer_cave, corexii_item_surrounded_by_moat,
          hangedman_decor_opposing, nicolae_underground_beach, uniq_pikel
D:8:      layout_basic, uniq_psyche
D:9:      layout_small_grid, grunt_temple_overflow_bloody_war,
          riverfiend_overflow_shadow_ancestor, kennysheep_little_box,
          minmay_misc_feat_plants, minmay_pinched_square
Temple:   nicolae_temple_bog_church

Skill      XL: |  1  2  3  4  5  6  7  8  9 10 11 |
---------------+----------------------------------+-----
Ranged Weapons | 5 6 7 8 9 11 13 15 16 | 16.1
Fighting       | 3 4 5 6 8 10 12 | 12.4
Dodging        | |  2.1
Stealth        | |  0.7

Action                     |  1- 3 |  4- 6 |  7- 9 | 10-12 || total
---------------------------+-------+-------+-------+-------++-------
  Melee: Shortbow          |       |     2 |       |       ||     2
         Headbutt          |       |     1 |       |       ||     1
   Fire: Shortbow          |   104 |   142 |   394 |   101 ||   741
         Longbow           |       |       |       |   103 ||   103
         Arbalest          |       |       |       |    10 ||    10
    Use: Potion            |       |     1 |     7 |     5 ||    13
         Scroll            |       |     4 |     4 |    13 ||    21
 Armour: Leather armour    |    18 |    28 |    78 |       ||   124
         Steam dragon scal |       |       |    10 |    49 ||    59
         Acid dragon scale |       |       |       |     3 ||     3
  Dodge: Dodged            |    46 |    53 |   139 |    62 ||   300
  Block: Other             |       |    19 |    45 |    19 ||    83
         Reflection        |       |     3 |       |     1 ||     4
